Map: Ruins of Endion

Players

WhosJohnGalt

  • Race: Zerg Zerg
  • League: Master

Miszu - Winner!

  • Race: Terran Terran
  • League: Master

VOD

Have the link to the VOD?

Description

Time

  • Played on: July 1, 2016, 12:46 p.m.
  • Length: 5:00
Show
View Real Time Build Order
Export as new Build Order

WhosJohnGalt Zerg 

Build Orders: Hatch First 

Get SALT Encoding   

  12  0:01  Drone  
  13  0:12  Overlord  
  13  0:17  Drone  
  14  0:31  Drone x2  
  14  0:34  Drone  
  17  0:52  Hatchery  
  17  0:55  Drone  
  17  0:58  Drone  
  18  1:07  Drone  
  18  1:09  Extractor  
  18  1:15  Spawning Pool  
  17  1:18  Drone  
  18  1:28  Drone  
  19  1:39  Overlord  
  19  1:49  Drone  
  20  2:03  Queen  
  20  2:04  Zergling x2  
  20  2:06  Zergling x2  
  24  2:10  Spine Crawler  
  24  2:12  Metabolic Boost  
  24  2:14  Zergling x2  
  24  2:17  Zergling x2  
  24  2:19  Queen  
  27  2:23  Zergling x2  
  27  2:26  Overlord  
  24  2:46  Zergling x2  
  21  3:07  Zergling x6  
  24  3:12  Overlord  
  24  3:17  Drone  
  25  3:24  Drone  
  25  3:25  Drone  
  27  3:28  Drone  
  28  3:38  Zergling x4  
  28  3:41  Zergling x2  
  30  3:51  Zergling x4  
  32  3:57  Zergling x2  
  33  4:08  Zergling x4  
  27  4:14  Zergling x4  
  27  4:15  Zergling x2  
  26  4:23  Zergling x4  
  17  4:33  Zergling x2  
Show
View Real Time Build Order
Export as new Build Order

Miszu Terran - Winner!

Build Orders:  

Get SALT Encoding   

  12  0:00  SCV  
  13  0:12  SCV  
  14  0:20  Supply Depot  
  14  0:25  SCV  
  15  0:43  Barracks  
  15  0:52  Barracks  
  15  1:06  Barracks  
  15  1:30  Marine  
  15  1:31  Barracks  
  16  1:39  Marine  
  17  1:40  Supply Depot  
  17  1:47  Marine  
  17  1:53  Marine  
  19  1:57  Marine  
  20  2:05  Marine  
  21  2:11  Marine  
  21  2:14  Marine  
  23  2:20  Marine  
  24  2:23  Marine  
  24  2:29  Marine  
  26  2:32  Marine  
  27  2:38  Marine  
  27  2:41  Marine  
  27  2:47  Marine  
  27  2:50  Marine  
  20  2:55  Marine  
  21  2:59  Marine  
  21  3:05  Marine  
  20  3:08  Marine  
  22  3:13  Marine  
  22  3:17  Marine  
  24  3:23  Marine  
  24  3:26  Marine  
  25  3:31  Marine  
  26  3:34  Marine  
  26  3:41  Marine  
Tags
 
Add a new tag
Caveats
  • Supply blocks, unpowered buildings, or Contaminate may cause inaccurate times.
  • Supply counts are checked every 10 seconds.